Map: Seeds of Aiur

Players

ILIEKEGGPIE

  • Race: Protoss Protoss
  • League: Platinum
  • Spawn Location: 1:00

aNarCHy

  • Race: Protoss Protoss
  • League: Gold
  • Spawn Location: 1:00

Tua

  • Race: Zerg Zerg
  • Spawn Location: 7:00

make

  • Race: Protoss Protoss
  • League: Gold
  • Spawn Location: 7:00

VOD

Have the link to the VOD?

Description

Time

  • Played on: May 1, 2018, 6:46 p.m.
  • Length: 29:02
Show
View Real Time Build Order
Export as new Build Order

ILIEKEGGPIE Protoss 

Build Orders:  

Get SALT Encoding   

  12  0:01  Probe  
  13  0:14  Probe  
  14  0:19  Pylon  
  14  0:26  Probe  
  15  0:38  Probe  
  16  0:44  Gateway  
  16  0:49  Gateway  
  16  0:53  Probe  
  17  1:03  Assimilator  
  17  1:05  Probe  
  17  1:07  Assimilator  
  18  1:15  Probe  
  19  1:23  Probe  
  19  1:31  Probe, Pylon  
  21  1:41  Cybernetics Core  
  21  1:43  Probe  
  22  2:10  Adept x2  
  22  2:12  Pylon  
  26  2:26  Probe  
  27  2:33  Warp Gate  
  27  2:41  Robotics Facility  
  27  2:50  Nexus  
  27  2:58  Adept  
  27  3:05  Adept  
  31  3:23  Pylon  
  31  3:39  Immortal  
  35  3:56  Gateway  
  35  4:06  Gateway  
  35  4:07  Probe  
  35  4:10  Probe  
  35  4:15  Probe  
  37  4:22  Probe  
  39  4:35  Probe  
  40  4:39  Stalker x2  
  40  4:42  Probe  
  45  4:47  Probe  
  46  4:54  Probe  
  46  4:56  Probe  
  46  4:58  Gateway  
  46  4:59  Gateway  
  48  5:04  Probe  
  48  5:05  Probe  
  49  5:09  Twilight Council  
  49  5:13  Probe x2  
  49  5:14  Pylon  
  50  5:15  Sentry  
  50  5:17  Sentry  
  50  5:21  Probe  
  56  5:25  Probe  
  58  5:33  Probe  
  59  5:37  Probe  
  60  5:45  Probe  
  60  5:48  Warp Prism  
  63  6:07  Dark Shrine  
  63  6:15  Assimilator  
  63  6:19  Assimilator  
  63  6:21  Pylon  
  63  6:23  Pylon  
  55  7:05  Stalker x3, Zealot  
  55  7:06  Zealot  
  65  7:10  Dark Shrine  
  65  7:17  Probe x2  
  67  7:25  Forge  
  63  7:36  Zealot x3  
  63  7:37  Zealot x2  
  65  7:52  Probe  
  65  7:53  Probe  
  65  7:56  Protoss Ground Weapons Level 1  
  65  8:03  Photon Cannon  
  65  8:05  Probe  
  66  8:07  Robotics Facility, Photon Cannon  
  66  8:08  Forge  
  66  8:23  Nexus  
  66  8:24  Pylon  
  66  8:27  Pylon, Dark Templar x4  
  74  8:35  Pylon  
  74  8:57  Probe  
  74  9:00  Probe  
  76  9:07  Gateway  
  76  9:08  Protoss Ground Armor Level 1  
  76  9:09  Gateway  
  76  9:13  Charge, Probe  
  69  9:31  Dark Templar x2  
  69  9:32  Zealot x2  
  69  9:33  Zealot  
  69  9:36  Gateway  
  69  9:37  Probe  
  69  9:38  Gateway  
  79  9:40  Shield Battery, Probe x2  
  79  9:45  Probe  
  82  9:46  Assimilator  
  82  9:50  Assimilator  
  82  9:52  Probe x2  
  85  9:57  Pylon  
  85  10:02  Dark Templar x3  
  85  10:06  Protoss Ground Weapons Level 2  
  83  10:28  Archon  
  83  10:29  Zealot x2  
  83  10:30  Zealot x2  
  91  10:44  Probe  
  91  10:49  Probe  
  92  10:53  Probe  
  92  10:56  Probe  
  95  10:57  Probe  
  95  11:01  Immortal  
  96  11:05  Probe  
  96  11:06  Pylon  
  96  11:07  Probe  
  96  11:08  Probe, Pylon  
  96  11:09  Pylon  
  96  11:10  Immortal, Pylon  
  101  11:19  Protoss Ground Armor Level 2  
  99  11:30  Pylon  
  99  11:31  Pylon x2  
  99  11:37  Dark Templar x2  
  99  11:38  Zealot x3  
  99  11:39  Zealot, Stalker x2  
  115  11:40  Stalker, Immortal x2  
  115  11:44  Archon  
  125  12:06  Protoss Ground Weapons Level 3  
  125  12:31  Dark Templar x2  
  125  12:32  Zealot x2  
  125  12:33  Stalker x2, Pylon  
  136  12:50  Archon  
  122  13:01  Zealot x2, Dark Templar x2  
  122  13:02  Zealot  
  132  13:09  Archon  
  132  13:12  Sentry x2  
  136  13:16  Gateway x2  
  136  13:20  Gateway  
  136  13:36  Nexus  
  136  13:37  Pylon  
  136  13:40  Pylon  
  136  13:42  Assimilator  
  136  13:46  Assimilator  
  136  13:47  Robotics Bay  
  136  13:48  Pylon  
  136  13:52  Pylon  
  136  13:54  Protoss Ground Armor Level 3  
  136  14:01  Probe x3  
  139  14:13  Probe  
  140  14:21  Colossus x2  
  140  14:26  Extended Thermal Lance  
  152  15:08  Observer x2  
  152  15:13  Pylon  
  152  15:16  Pylon  
  154  15:45  Stalker x5  
  154  15:46  Stalker x2  
  154  15:48  Stalker  
  154  15:49  Stalker x2  
  174  16:09  Shield Battery  
  174  16:11  Shield Battery  
  174  16:12  Shield Battery x2  
  174  16:22  Observer Gravitic Boosters  
  174  16:27  Protoss Shields Level 1, Observer  
  174  16:34  Observer  
  128  17:03  Colossus x2  
  140  17:22  Blink  
  136  17:35  Twilight Council  
  135  17:59  Nexus  
  135  18:01  Pylon  
  135  18:02  Pylon  
  127  18:42  Stalker x2  
  127  18:43  Stalker x5  
  127  18:44  Stalker x3  
  127  18:47  Protoss Shields Level 2  
  125  19:13  Templar Archives  
  119  19:19  Stalker  
  119  19:20  Stalker x6  
  119  19:21  Stalker x3  
  137  19:26  Assimilator  
  137  19:31  Assimilator  
  137  19:36  Warp Prism  
  134  19:39  Warp Prism  
  134  19:41  Psionic Storm  
  134  19:44  Resonating Glaives  
  124  20:05  Warp Prism  
  124  20:11  Observer  
  117  20:25  Observer  
  117  20:33  High Templar x3  
  117  20:34  High Templar x4  
  117  20:35  Zealot x3  
  134  20:37  Warp Prism  
  118  20:58  Pylon  
  109  21:18  Archon x2  
  97  21:21  Stalker x3  
  97  21:22  Stalker x5  
  97  21:23  Stalker x2  
  95  21:53  Zealot x2, Dark Templar x3  
  105  21:54  Zealot x3  
  106  22:31  Stalker x2  
  106  22:32  Stalker, High Templar x3  
  106  22:33  High Templar x3  
  115  22:38  Gateway  
  115  22:39  Gateway  
  115  22:41  Gateway  
  115  22:42  Gateway  
  115  22:43  Gateway  
  99  22:55  Gateway x2  
  99  22:57  Gateway  
  99  22:58  Dark Templar x3  
  89  23:19  Archon  
  87  23:59  Zealot x4  
  87  24:00  Zealot  
  97  24:03  Sentry  
  99  24:20  Protoss Shields Level 3  
  99  24:27  Stalker x4  
  99  24:28  Stalker x4  
  99  24:29  Stalker x4  
  103  25:02  Stalker  
  103  25:03  Stalker x6  
  103  25:04  Stalker x4  
  103  25:05  High Templar  
  103  25:06  High Templar x2  
  113  25:40  Stalker x6  
  113  25:41  Stalker x4  
  133  25:43  Stalker x2, Observer x2  
  139  26:01  Observer  
  115  27:08  Observer  
  115  27:09  Observer  
  115  27:11  Stalker  
  115  27:12  Stalker x2, Zealot  
  122  27:30  Observer  
  98  27:41  Stalker x4  
  98  27:42  Zealot x6  
  116  28:01  Observer x2  
  86  28:15  High Templar x2  
  86  28:16  High Templar x2  
  86  28:17  Zealot x2, High Templar  
  86  28:18  Zealot x2  
  100  28:24  Nexus  
  99  28:44  Archon x2  
  59  28:57  Stalker x3  
  59  28:58  Stalker  
Show
View Real Time Build Order
Export as new Build Order

aNarCHy Protoss 

Build Orders: Oracle Opening 

Get SALT Encoding   

  12  0:01  Probe  
  13  0:13  Probe  
  14  0:22  Pylon  
  14  0:25  Probe  
  15  0:40  Probe  
  16  0:43  Gateway  
  16  0:52  Probe  
  17  1:04  Assimilator, Probe  
  18  1:16  Probe  
  19  1:28  Probe  
  19  1:32  Cybernetics Core  
  20  1:40  Probe  
  20  1:46  Nexus  
  21  2:03  Warp Gate  
  21  2:04  Pylon  
  21  2:07  Probe  
  22  2:09  Assimilator  
  22  2:13  Stalker  
  24  2:35  Adept  
  24  2:37  Gateway, Probe  
  27  2:49  Probe  
  28  2:58  Pylon  
  28  3:00  Probe  
  28  3:01  Probe  
  28  3:03  Adept  
  30  3:08  Stargate  
  33  3:12  Probe  
  33  3:15  Probe  
  34  3:20  Assimilator  
  34  3:25  Probe  
  34  3:26  Sentry  
  37  3:42  Stalker  
  39  3:48  Oracle  
  39  3:57  Pylon  
  42  4:06  Probe x2  
  44  4:12  Pylon  
  44  4:17  Assimilator, Pylon  
  44  4:18  Adept, Probe x2  
  44  4:22  Oracle  
  48  4:25  Stalker  
  48  4:27  Shield Battery  
  53  4:43  Probe  
  53  4:44  Probe  
  55  4:55  Probe  
  55  4:56  Probe  
  57  5:00  Robotics Facility  
  57  5:03  Pylon  
  57  5:07  Probe  
  57  5:09  Pylon  
  57  5:12  Sentry  
  57  5:14  Stalker  
  62  5:27  Twilight Council  
  62  5:45  Probe x2  
  64  5:53  Pylon  
  65  5:57  Probe x2  
  60  6:18  Stalker x2  
  54  6:52  Probe x2  
  56  6:57  Stalker x2  
  60  7:04  Probe  
  60  7:05  Probe  
  60  7:07  Immortal  
  66  7:14  Oracle  
  69  7:17  Charge, Probe x2  
  70  7:26  Forge  
  70  7:30  Pylon, Forge  
  70  7:34  Probe x2  
  72  7:46  Probe  
  72  7:47  Probe  
  72  7:50  Protoss Ground Armor Level 1, Protoss Ground Weapons Level 1  
  74  7:57  Zealot x2  
  78  7:58  Probe  
  78  7:59  Probe  
  78  8:04  Nexus  
  80  8:06  Pylon  
  80  8:08  Pylon  
  80  8:11  Assimilator  
  80  8:13  Warp Prism  
  80  8:22  Zealot x2  
  86  8:27  Probe x2  
  88  8:39  Probe  
  89  8:41  Probe  
  88  8:50  Observer  
  88  8:54  Shield Battery x2  
  87  9:12  Pylon  
  87  9:16  Pylon  
  87  9:17  Probe x2  
  87  9:20  Probe  
  90  9:29  Probe  
  90  9:30  Photon Cannon  
  91  9:33  Photon Cannon  
  91  9:38  Blink  
  91  9:40  Immortal  
  91  9:44  Probe x2  
  91  9:45  Probe  
  98  10:04  Gateway x2  
  98  10:07  Gateway  
  98  10:13  Gateway  
  98  10:14  Gateway  
  98  10:15  Probe x2  
  98  10:17  Gateway  
  98  10:21  Protoss Ground Armor Level 2, Protoss Ground Weapons Level 2  
  100  10:24  Probe  
  100  10:25  Probe  
  102  10:30  Probe  
  102  10:32  Probe  
  102  10:33  Probe  
  103  10:36  Immortal  
  109  10:52  Pylon x2  
  109  11:01  Assimilator  
  109  11:11  Immortal  
  109  11:19  Probe x3  
  107  11:51  Immortal  
  111  12:20  Probe x2  
  111  12:21  Probe  
  114  12:30  Observer  
  114  12:32  Probe  
  116  12:38  Nexus  
  116  12:40  Pylon  
  116  12:43  Pylon  
  119  12:51  Immortal  
  119  12:54  Zealot x2  
  119  12:55  Zealot x2  
  125  13:08  Zealot  
  125  13:09  Zealot  
  125  13:11  Zealot x2  
  129  13:14  Protoss Ground Weapons Level 3, Protoss Ground Armor Level 3  
  113  13:28  Zealot x2  
  113  13:29  Zealot x3  
  113  13:30  Zealot, Immortal  
  113  13:32  Zealot  
  113  13:49  Dark Shrine  
  113  13:52  Gateway x2  
  111  14:00  Zealot x3  
  111  14:01  Stalker  
  111  14:02  Stalker x3  
  123  14:06  Warp Prism  
  127  14:42  Robotics Facility, Observer  
  128  14:48  Probe x3  
  128  14:50  Assimilator  
  131  14:54  Assimilator  
  131  14:55  Gateway  
  131  14:56  Gateway, Shield Battery  
  131  14:58  Shield Battery  
  131  15:00  Photon Cannon  
  131  15:02  Dark Templar x3  
  131  15:03  Photon Cannon, Dark Templar x2  
  131  15:04  Immortal, Photon Cannon, Dark Templar x3  
  131  15:05  Dark Templar x2  
  155  15:43  Immortal  
  155  15:44  Archon x3  
  155  15:45  Archon  
  155  15:46  Archon  
  155  15:47  Stalker  
  155  15:48  Stalker x2  
  155  15:49  Stalker x4  
  169  15:50  Stalker x3  
  169  15:51  Protoss Shields Level 1  
  175  16:25  Pylon  
  174  16:39  Pylon  
  174  16:45  Pylon  
  168  17:00  Photon Cannon  
  168  17:01  Photon Cannon  
  168  17:02  Shield Battery  
  168  17:03  Pylon  
  168  17:04  Shield Battery  
  168  17:05  Pylon, Photon Cannon  
  168  17:08  Photon Cannon  
  168  17:32  Pylon  
  168  17:34  Pylon  
  168  17:35  Pylon  
  168  17:36  Pylon x2  
  164  17:38  Pylon  
  164  17:40  Pylon  
  164  17:42  Pylon  
  162  17:50  Observer  
  163  17:51  Dark Templar  
  163  17:52  Dark Templar  
  163  17:53  Dark Templar x2  
  163  17:54  Dark Templar x4  
  163  17:55  Dark Templar x2  
  163  17:56  Dark Templar x2  
  177  18:05  Nexus  
  161  18:27  Protoss Shields Level 2  
  161  18:40  Dark Templar x5  
  167  18:42  Dark Templar x2  
  167  18:44  Dark Templar x2  
  167  18:46  Dark Templar x2  
  122  19:22  Stalker x2  
  122  19:23  Stalker x4  
  114  19:24  Stalker x2  
  114  19:25  Stalker x2  
  114  19:26  Stalker  
  114  19:27  Stalker  
  86  19:46  Stalker x2  
  86  19:47  Stalker  
  86  19:48  Stalker  
  86  19:49  Stalker x2  
  90  20:01  Probe  
  90  20:02  Probe x3  
  90  20:06  Assimilator  
  94  20:10  Assimilator  
  94  20:13  Probe  
  95  20:14  Probe  
  95  20:20  Stalker  
  95  20:21  Stalker x2  
  68  20:59  Probe x4  
  73  21:11  Probe  
  72  21:44  Stalker  
  74  21:47  Stalker x3  
  74  21:48  Stalker x3  
  74  21:51  Stalker x3  
  92  21:55  Observer  
  92  21:58  Stalker x2, Nexus  
  92  22:00  Pylon  
  97  22:03  Pylon  
  97  22:05  Assimilator  
  97  22:09  Assimilator  
  97  22:16  Observer  
  98  22:29  Stalker x2  
  100  22:30  Stalker  
  100  22:31  Zealot  
  100  22:32  Zealot x2  
  100  22:33  Zealot x2  
  100  22:34  Zealot x2  
  100  22:35  Zealot  
  117  22:37  Warp Prism  
  118  22:58  Stalker  
  118  22:59  Stalker x3  
  41  24:36  Pylon  
  41  24:37  Pylon  
  33  25:42  Stalker x3  
  24  25:43  Stalker x3  
  24  25:44  Stalker x2  
  24  25:45  Stalker x2  
  38  26:12  Zealot x2  
  38  26:13  Zealot x2  
  38  26:14  Zealot x2  
  38  27:54  Oracle  
  41  28:08  Stalker  
  41  28:09  Stalker  
  43  28:19  Stalker x2  
  47  28:20  Stalker  
Show
View Real Time Build Order
Export as new Build Order

Tua Zerg 

Build Orders: Pool First 

Get SALT Encoding   

  12  0:07  Drone  
  13  0:17  Drone  
  13  0:20  Overlord  
  14  0:39  Drone x2  
  14  0:40  Drone  
  17  1:02  Drone  
  17  1:03  Drone  
  19  1:09  Spawning Pool  
  18  1:23  Drone x2  
  20  1:26  Extractor  
  19  1:53  Hatchery  
  18  2:00  Hatchery  
  17  2:03  Drone  
  17  2:04  Drone x2  
  20  2:17  Queen, Extractor  
  20  2:21  Overlord  
  21  2:33  Drone  
  22  2:49  Drone x2  
  24  2:59  Zergling x2  
  25  3:16  Drone x3  
  25  3:17  Drone  
  29  3:24  Lair  
  29  3:27  Drone x3  
  31  3:31  Drone  
  33  3:45  Drone x2  
  33  3:46  Drone x2  
  37  3:48  Queen  
  37  3:50  Queen  
  37  3:54  Overlord  
  41  3:56  Overlord  
  40  4:11  Roach Warren  
  40  4:13  Evolution Chamber  
  40  4:15  Evolution Chamber  
  40  4:16  Drone  
  40  4:17  Drone x3  
  41  4:20  Overlord  
  41  4:24  Extractor  
  41  4:25  Extractor  
  39  4:40  Spore Crawler  
  39  4:44  Zerg Ground Armor Level 1, Zerg Missile Weapons Level 1  
  38  4:46  Drone x4  
  38  4:47  Drone  
  43  5:05  Glial Reconstitution  
  43  5:09  Roach  
  43  5:10  Roach x4  
  53  5:21  Pneumatized Carapace  
  53  5:23  Overseer  
  53  5:37  Spore Crawler  
  53  5:41  Roach x3  
  53  5:42  Roach x3  
  64  5:43  Roach  
  66  5:58  Spine Crawler  
  66  6:00  Spine Crawler  
  64  6:13  Hydralisk Den  
  63  6:21  Overlord x3  
  63  6:37  Spore Crawler, Overlord  
  63  6:38  Overlord x2  
  62  6:47  Drone x4  
  62  6:48  Drone x2  
  68  6:56  Grooved Spines  
  64  7:13  Drone  
  64  7:14  Drone x7  
  72  7:20  Extractor  
  72  7:21  Extractor  
  60  7:53  Drone x6  
  60  7:54  Drone x3  
  68  8:03  Drone x2  
  70  8:14  Spore Crawler  
  68  8:43  Roach  
  68  8:44  Roach x8  
  68  8:47  Muscular Augments  
  83  9:02  Overseer x2  
  81  9:30  Drone x4  
  85  9:55  Hatchery  
  84  10:13  Hydralisk x3  
  84  10:14  Hydralisk x6  
  100  10:24  Spore Crawler  
  100  10:25  Spore Crawler  
  100  10:27  Spore Crawler  
  97  10:35  Zerg Ground Armor Level 2, Zerg Missile Weapons Level 2  
  97  10:44  Drone x3  
  97  10:46  Overlord x3  
  100  11:02  Spore Crawler  
  99  11:10  Burrow  
  99  11:11  Tunneling Claws  
  99  11:20  Drone x3  
  99  11:21  Drone x5  
  107  11:27  Extractor  
  107  11:28  Spore Crawler  
  105  11:38  Overseer  
  105  11:39  Overseer  
  105  11:56  Hatchery  
  104  12:08  Infestation Pit  
  103  12:12  Spore Crawler x2  
  101  12:18  Drone  
  101  12:19  Drone x8  
  96  13:16  Hydralisk x7  
  96  13:17  Hydralisk x6  
  96  13:18  Hydralisk  
  124  13:27  Hive  
  120  13:45  Drone  
  120  13:46  Drone x7  
  120  13:47  Drone x3  
  129  13:51  Extractor  
  129  13:52  Extractor  
  129  13:54  Spore Crawler  
  126  13:56  Spore Crawler  
  126  13:57  Spore Crawler  
  124  14:04  Drone x2  
  126  14:41  Drone x7  
  126  14:42  Drone x2  
  126  14:45  Overlord x3  
  135  14:53  Roach x5  
  135  14:54  Spire  
  135  14:57  Hatchery  
  107  15:52  Zerg Missile Weapons Level 3, Zerg Ground Armor Level 3  
  107  15:53  Lurker Den  
  106  15:58  Infestor x5  
  106  15:59  Infestor x7  
  130  16:32  Drone x2  
  132  16:33  Drone x13  
  115  17:08  Spine Crawler  
  114  17:11  Spore Crawler  
  113  17:15  Extractor  
  113  17:19  Extractor  
  113  17:20  Infestor x2  
  113  17:21  Infestor x7  
  111  17:24  Lurker x6  
  117  17:30  Hydralisk  
  117  17:31  Hydralisk x14  
  147  17:38  Greater Spire  
  147  17:43  Spire  
  56  18:30  Hydralisk  
  56  18:31  Hydralisk x11  
  80  18:50  Hydralisk x2  
  80  18:51  Hydralisk x2  
  88  18:59  Corruptor x4  
  80  19:10  Hydralisk  
  80  19:11  Hydralisk x2  
  80  19:14  Lurker x3  
  83  19:20  Lurker  
  83  19:22  Lurker  
  83  19:24  Hydralisk  
  83  19:25  Hydralisk x2  
  84  19:57  Brood Lord  
  84  19:58  Brood Lord x2  
  90  20:09  Lurker  
  90  20:10  Lurker x6  
  90  20:14  Overseer x2  
  88  21:03  Hydralisk x4  
  88  21:04  Hydralisk x5  
  106  21:26  Hydralisk x5  
  116  22:01  Hydralisk x4  
  116  22:02  Hydralisk x5  
  134  22:14  Spine Crawler  
  133  22:16  Hatchery, Spine Crawler  
  133  22:18  Spore Crawler  
  129  22:28  Overseer  
  115  23:14  Extractor  
  110  24:01  Spine Crawler  
  110  24:02  Spine Crawler  
  104  24:06  Hydralisk x3  
  107  25:04  Lair  
  83  26:00  Drone x11  
  83  26:13  Hatchery  
  83  26:16  Hatchery  
  81  26:18  Hatchery  
  81  26:19  Hatchery  
  79  26:41  Extractor  
  79  26:44  Overseer  
  67  28:00  Drone  
  67  28:01  Drone x8  
  67  28:02  Drone x6  
  67  28:03  Drone x3  
  75  28:24  Lurker x2  
  75  28:26  Hydralisk  
  79  28:28  Zergling x2  
  79  28:29  Zergling x16  
  88  28:37  Extractor  
Show
View Real Time Build Order
Export as new Build Order

make Protoss 

Build Orders:  

Get SALT Encoding   

  12  0:03  Probe  
  13  0:15  Probe  
  13  0:20  Pylon  
  14  0:29  Probe  
  15  0:39  Gateway  
  15  0:41  Probe  
  16  0:53  Probe  
  16  0:56  Assimilator  
  17  1:05  Probe  
  18  1:11  Pylon  
  18  1:16  Assimilator  
  18  1:17  Probe  
  19  1:23  Zealot  
  19  1:27  Cybernetics Core  
  19  1:30  Probe  
  22  1:42  Cybernetics Core  
  22  1:46  Gateway  
  22  1:50  Probe  
  23  1:57  Stalker  
  23  2:02  Probe  
  26  2:21  Gateway  
  26  2:23  Pylon  
  26  2:26  Stalker  
  28  2:34  Stalker  
  30  2:44  Warp Gate  
  30  2:45  Probe  
  31  2:51  Gateway  
  31  3:17  Stalker x2  
  35  3:28  Gateway  
  35  3:47  Pylon  
  35  3:48  Stalker x2  
  39  4:09  Stalker x2  
  43  4:16  Pylon  
  43  4:18  Pylon  
  43  4:53  Probe  
  43  4:57  Nexus  
  44  5:05  Probe  
  44  5:06  Stargate  
  45  5:14  Assimilator  
  45  5:17  Probe  
  46  5:30  Probe  
  47  5:42  Probe  
  48  5:43  Robotics Facility  
  48  5:48  Stalker  
  50  5:50  Stalker  
  50  5:54  Probe  
  49  6:06  Probe  
  49  6:09  Stalker x2  
  50  6:45  Void Ray  
  46  6:48  Immortal  
  46  6:51  Stalker x2  
  46  7:06  Stalker x2  
  48  7:31  Stalker x3  
  48  7:32  Stalker  
  48  7:33  Probe x2  
  58  7:45  Probe x2  
  58  7:49  Assimilator  
  60  7:57  Probe x2  
  62  8:04  Immortal  
  66  8:09  Probe  
  67  8:31  Pylon, Probe  
  67  8:33  Pylon  
  67  8:34  Probe  
  69  8:35  Pylon  
  69  8:36  Pylon  
  69  8:38  Pylon  
  69  8:56  Stalker x4  
  69  8:59  Probe  
  78  9:18  Phoenix  
  80  9:29  Observer  
  81  9:38  Nexus  
  81  9:42  Probe x2  
  86  9:50  Observer  
  86  9:51  Void Ray  
  88  10:26  Probe  
  88  10:27  Probe  
  90  10:34  Fleet Beacon  
  90  10:38  Probe  
  90  10:39  Probe  
  92  10:47  Stargate x2  
  92  10:51  Probe x2  
  92  10:54  Forge  
  94  11:03  Probe x2  
  96  11:08  Probe  
  96  11:09  Carrier  
  97  11:15  Probe x2  
  105  11:35  Photon Cannon  
  105  11:37  Carrier, Probe x3, Photon Cannon  
  105  11:38  Carrier, Pylon  
  120  11:58  Graviton Catapult  
  120  12:01  Protoss Air Weapons Level 1  
  120  12:27  Stargate  
  120  12:35  Carrier  
  123  13:03  Carrier  
  117  13:06  Assimilator  
  117  13:08  Pylon  
  117  13:09  Assimilator  
  117  13:10  Carrier, Pylon  
  117  13:12  Pylon  
  121  13:15  Pylon  
  121  13:16  Probe x3  
  121  13:19  Pylon  
  118  13:28  Probe x2  
  118  13:29  Probe  
  121  13:40  Probe x2  
  121  13:41  Probe  
  124  13:52  Probe  
  124  13:53  Probe x2  
  124  13:55  Protoss Air Armor Level 1  
  127  14:04  Probe  
  127  14:05  Carrier, Probe x2  
  136  14:17  Probe x3  
  139  14:29  Probe x3  
  142  14:41  Probe x3  
  142  14:45  Nexus  
  145  14:47  Pylon  
  145  14:51  Pylon  
  145  14:53  Assimilator, Probe x3  
  144  15:25  Probe  
  144  15:26  Probe x2  
  144  15:27  Void Ray, Tempest x2  
  163  15:30  Void Ray  
  167  16:10  Carrier x2  
  179  16:20  Zealot x5  
  189  16:28  Immortal  
  193  16:34  Photon Cannon  
  193  16:37  Photon Cannon  
  193  16:38  Photon Cannon  
  193  16:41  Photon Cannon  
  193  17:25  Immortal  
  193  17:36  Carrier  
  177  17:47  Stalker x4  
  183  17:52  Protoss Ground Weapons Level 1  
  183  18:01  Twilight Council  
  183  18:04  Immortal, Forge  
  187  18:07  Cybernetics Core  
  181  18:28  Stalker x4  
  181  18:29  Stalker  
  129  19:01  Tempest x2  
  135  19:04  Stalker  
  135  19:05  Stalker  
  135  19:26  Probe  
  135  19:27  Probe x2  
  134  19:33  Assimilator  
  130  19:39  Probe x2  
  122  19:46  Protoss Ground Armor Level 1  
  122  19:47  Protoss Air Weapons Level 2  
  122  19:48  Protoss Air Armor Level 2  
  122  19:51  Probe x2  
  122  19:56  Zealot x2  
  122  19:57  Zealot x3  
  132  20:03  Probe x2  
  134  20:11  Nexus  
  134  20:15  Probe x2  
  120  20:37  Carrier x2  
  132  20:56  Probe  
  134  20:57  Probe  
  134  21:09  Probe  
  129  21:31  Mothership  
  131  21:41  Protoss Shields Level 1  
  131  21:52  Immortal  
  135  22:16  Photon Cannon  
  135  22:20  Photon Cannon  
  135  22:23  Photon Cannon  
  135  22:26  Pylon  
  135  22:31  Observer  
  136  22:38  Carrier  
  142  22:52  Immortal  
  146  23:14  Probe  
  141  23:23  Nexus  
  141  23:25  Probe  
  141  23:26  Assimilator, Probe  
  137  23:30  Assimilator  
  137  23:32  Observer  
  137  23:33  Pylon  
  138  23:47  Pylon  
  138  23:48  Pylon  
  138  23:53  Immortal  
  142  23:57  Carrier x2  
  142  23:58  Carrier  
  160  24:05  Pylon  
  160  24:18  Stalker x3  
  160  24:19  Stalker  
  168  24:30  Stalker  
  170  24:33  Charge  
  170  24:48  Nexus  
  170  24:57  Stalker x3  
  176  25:09  Carrier  
  182  25:39  Protoss Air Armor Level 3, Protoss Air Weapons Level 3  
  182  25:51  Protoss Ground Weapons Level 2  
  182  26:13  Blink  
  182  26:19  Immortal  
  160  26:37  Carrier x2  
  158  26:42  Assimilator  
  158  26:45  Assimilator  
  158  26:47  Carrier  
Tags
 
Add a new tag
Caveats
  • Supply blocks, unpowered buildings, or Contaminate may cause inaccurate times.
  • Supply counts are checked every 10 seconds.